 Dungeon Crawl Stone Soup version 0.30-a0-739-gea05faddec (webtiles) character file.

Game seed: 17701968592827011593

147 BubbleThief the Poker (level 5, -3/41 HPs)
             Began as a Demonspawn Gladiator on Feb 5, 2023.
             Slain by a hobgoblin
             ... wielding a +2 heavy spear
              (7 damage)
             ... on level 2 of the Dungeon.
             The game lasted 00:02:38 (1856 turns).

BubbleThief the Poker (Demonspawn Gladiator)        Turns: 1856, Time: 00:02:39

Health: -3/41      AC:  3    Str: 17    XL:     5   Next: 8%
Magic:  5/5        EV: 12    Int:  9    God:
Gold:   78         SH:  0    Dex: 14    Spells: 4/4 levels left

rFire   . . .      SeeInvis .    k - +0 halberd
rCold   . . .      Faith    .    (shield currently unavailable)
rNeg    . . .      Spirit   .    b - +0 leather armour
rPois   .          Reflect  .    (helmet restricted)
rElec   .          Harm     .    (no cloak)
rCorr   .          Rampage  .    (no gloves)
Will    .....                    (no boots)
Stlth   +                        (no amulet)
HPRegen 0.26/turn                (no ring)
MPRegen 0.09/turn                (no ring)

@: no status effects
A: horns 2
a: no special abilities


You were on level 2 of the Dungeon.
You visited 1 branch of the dungeon, and saw 2 of its levels.

You collected 78 gold pieces.

Inventory:

Hand Weapons
 a - a +0 trident
 k - a +0 halberd (weapon)
Missiles
 e - a javelin (quivered)
Armour
 b - a +0 leather armour (worn)
Scrolls
 h - a scroll of fog {unknown}
 i - 3 scrolls of identify {unknown}
Potions
 c - 2 potions of brilliance {unknown}
 f - a potion of cancellation {unknown}
 g - 2 potions of degeneration {unknown}
 j - a potion of lignification {unknown}
 l - a potion of haste
 m - 3 potions of mutation {unknown}
 n - a potion of might {unknown}


   Skills:
 + Level 3.3 Fighting
 * Level 4.6 Polearms
 - Level 1.7 Throwing
 - Level 2.6 Dodging


You had 4 spell levels left.
You didn't know any spells.
Your spell library contained the following spells:

 Spells                   Type           Power      Damage    Failure   Level
 Slow                     Hex            0%         N/A       45%         1
 Confusing Touch          Hex            0%         N/A       83%         3
 Inner Flame              Hex/Fire       0%         N/A       83%         3
 Vampiric Draining        Necr           0%         2d6       83%         3
 Cause Fear               Hex            0%         N/A       99%         4
 Discord                  Hex            0%         N/A       100%        8


Dungeon Overview and Level Annotations

Branches:
Dungeon (2/15)

Altars:


Innate Abilities, Weirdness & Mutations

You have a pair of horns on your head.


Message History

No target in view!
No target in view!
No target in view!
Found a fuming amethyst potion.
You reach to attack!
You slash the quokka!
You kill the quokka!
No target in view!
A hobgoblin comes into view. It is wielding a +2 heavy spear.
The hobgoblin shouts!
An endoplasm comes into view.
The hobgoblin drinks a potion.
The hobgoblin flickers and vanishes!
Deactivating autopickup; reactivate with Ctrl-A.
The endoplasm quivers.
A ball python comes into view.
You reach to attack!
You hit the endoplasm.
The endoplasm is almost dead.
You hit the endoplasm.
You kill the endoplasm!
Something hits you!
You reach to attack!
You closely miss the ball python. Something hits you!
The ball python barely misses you. The ball python grabs you.
The ball python constricts you.
You escape the ball python's grasp.
You slash the ball python!
You kill the ball python!
Something hits you!
You barely miss something. Something hits you.
You aren't carrying any items that you can evoke.
Okay, then.
Throw: throwing net
Press: ? - help, Q - select action, (/) - cycle Shift-Dir - straight line You throw a throwing net.
Something hits you.
You miss something. Something hits you!
* * * LOW HITPOINT WARNING * * *
You miss something. You barely miss something.
A quokka comes into view.
Something hits you!
You die...

###.#########..#........##.#.#
...#.....).......######..#...#
#.#.###.###.....##.. ##.##..#
#.#.# #.# ##....#... #..#..#
#.#.# #.# #....#..# .#..#..#
#.#.# #.# #.#..#..##..#..#..#
#.#.# #.# #.#..#...!..#g.#..#
....# #.# #.##.##r...##.##..#
#.### #.####..#.@{.(###..#...#
#.# #.......##........##...#
#.# ######...###....###..###
#.# ##....######...##
#.###########.##........###
#.............###########
###############


You could see a quokka.

Vanquished Creatures
  Terence (D:2)
  4 gnolls (D:2)
  An adder (D:2)
  5 dart slugs
  5 endoplasms
  3 giant cockroaches
  4 goblins (D:1)
  6 hobgoblins
  3 kobolds
  3 quokkas
  10 ball pythons
  11 bats
  2 frilled lizards
  5 rats
63 creatures vanquished.

Notes
Turn   | Place    | Note
-------+----------+-------------------------------------------
     0 | D:1      | BubbleThief the Demonspawn Gladiator began the quest for
                  | the Orb.
     0 | D:1      | Reached XP level 1. HP: 16/16 MP: 1/1
    62 | D:1      | Reached skill level 3 in Polearms
    69 | D:1      | Gained mutation: You have a pair of small horns on your
                  | head. [demonic ancestry]
    69 | D:1      | Reached XP level 2. HP: 22/22 MP: 2/2
   322 | D:1      | Reached XP level 3. HP: 28/28 MP: 3/3
  1085 | D:2      | Reached skill level 4 in Polearms
  1085 | D:2      | Gained mutation: You have a pair of horns on your head.
                  | [demonic ancestry]
  1085 | D:2      | Reached XP level 4. HP: 23/34 MP: 4/4
  1774 | D:2      | Noticed Terence
  1805 | D:2      | Killed Terence
  1806 | D:2      | Reached XP level 5. HP: 37/41 MP: 5/5
  1856 | D:2      | Slain by a hobgoblin

Illustrated notes

Levels and vault maps discovered:
D:1:      roderic_octagonal_star, layout_basic
D:2:      minmay_chambers_of_twos, layout_loops_ring,
          minmay_randomly_rotated_circles, uniq_terence

Skill      XL: |  1  2  3  4 |
---------------+-------------+-----
Polearms       | 3 4 |  4.6
Fighting       | 3 |  3.3
Throwing       | |  1.7
Dodging        | |  2.6

Action                     |  1- 3 |  4- 6 || total
---------------------------+-------+-------++-------
  Melee: Trident           |   104 |       ||   104
         Headbutt          |    11 |     2 ||    13
         Halberd           |       |    54 ||    54
  Throw: Throwing net      |       |     3 ||     3
   Stab: Sleeping          |     1 |     1 ||     2
         Held in net/web   |       |     2 ||     2
 Armour: Leather armour    |    16 |     7 ||    23
  Dodge: Dodged            |    74 |    25 ||    99

Table legend: (Time is in decaauts)
 A = Elapsed time spent in this place.
 B = Non-inter-level travel time spent in this place.
 C = Inter-level travel time spent in this place.
 D = Time resting spent in this place.
 E = Time spent auto-exploring this place.
 F = Levels seen in this place.
 G = Mean time per level.
                   A        B        C        D        E       F      G
               +--------+--------+--------+--------+--------+-----+--------+
         Total |   1883 |   1820 |     63 |     86 |   1345 |   2 |  941.5 |
       Dungeon |   1883 |   1820 |     63 |     86 |   1345 |   2 |  941.5 |
               +--------+--------+--------+--------+--------+-----+--------+

Top non-repeatable levels by time:
     D:1: 950 daAuts
     D:2: 933 daAuts
